 Dungeon Crawl Stone Soup version 0.28-a0-1555-g9ae15a6949 (webtiles) character file.

Game seed: 17502952894732223236

9 Pin the Chopper (level 2, -1/26 HPs)
             Began as a Hill Orc Monk on Jan 19, 2022.
             Succumbed to a kobold's poison
             ... on level 1 of the Dungeon.
             The game lasted 00:01:13 (623 turns).

Pin the Chopper (Hill Orc Monk)                      Turns: 623, Time: 00:01:14

Health: -1/26      AC:  2    Str: 13    XL:     2   Next: 16%
Magic:  2/2        EV: 12    Int: 10    God:
Gold:   59         SH:  0    Dex: 13    Spells: 1/1 levels left

rFire   . . .      SeeInvis .   a - +0 hand axe
rCold   . . .      Faith    .   (no shield)
rNeg    . . .      Spirit   .   b - +0 robe
rPois   .          Reflect  .   (no helmet)
rElec   .          Harm     .   (no cloak)
rCorr   .          Rampage  .   (no gloves)
Will    .....                   (no boots)
Stlth   ++........              (no amulet)
HPRegen 0.08/turn               (no ring)
MPRegen 0.08/turn               (no ring)

@: lethally poisoned (-1 -> -9)
A: no striking features
a: no special abilities


You were on level 1 of the Dungeon.
You visited 1 branch of the dungeon, and saw 1 of its levels.

You collected 59 gold pieces.

Inventory:

Hand Weapons
 a - a +0 hand axe (weapon)
Armour
 b - a +0 robe (worn)
Jewellery
 d - a ring of magical power
Scrolls
 f - a scroll of enchant weapon {unknown}
Potions
 c - a potion of degeneration {unknown}
 e - a potion of heal wounds {unknown}


   Skills:
 - Level 3.6 Fighting
 - Level 4.0 Axes
 + Level 2.0 Armour
 - Level 2.4 Dodging
 - Level 1.5 Stealth


You had one spell level left.
You didn't know any spells.
Your spell library was empty.

Dungeon Overview and Level Annotations

Branches:
Dungeon (1/15)

Altars:


Message History

A frilled lizard comes into view.
The frilled lizard hisses angrily.
You hit the kobold but do no damage.
The kobold hits you with a +0 dagger of venom.
You are poisoned.
You barely miss the kobold.
You feel very sick. The kobold completely misses you.
You hit the kobold but do no damage.
You feel sick.
The kobold hits you with a +0 dagger of venom.
You are more poisoned.
You barely miss the kobold. You hit the frilled lizard.
You kill the frilled lizard!
You feel very sick. The kobold barely misses you. The kobold misses you.
You barely miss the kobold.
You feel very sick.
The kobold hits you with a +0 dagger of venom.
You are lethally poisoned!
You are too injured to fight recklessly!
You are too injured to fight recklessly!
You are too injured to fight recklessly!
You are too injured to fight recklessly!
You closely miss the kobold.
* * * LOW HITPOINT WARNING * * *
You feel very sick.
An endoplasm comes into view.
The kobold hits you with a +0 dagger of venom.
* * * LOW HITPOINT WARNING * * *
You closely miss the kobold.
* * * LOW HITPOINT WARNING * * *
You feel very sick. The kobold misses you.
The endoplasm quivers.
You hit the kobold.
You kill the kobold!
* * * LOW HITPOINT WARNING * * *
You feel sick.
Your Armour skill increases to level 2!
You die...

#########.#.## #.#.##
.........###.# #.#.#
#######.#.#.## #.#.## ##
#.##.## #...># .##
#.##.# ###..# ..##
#.##.# #..# §..####.##.#
#..#
.≈...##.##.#########..##
≈≈............J.@......#
§§...##.##.#.######...##
≈..#.##.##...........##
..##.# ..l####.... ### .
....### . .. ###... #
##### #


You could see an endoplasm.

Vanquished Creatures
  A dart slug (D:1)
  3 ball pythons (D:1)
  An endoplasm (D:1)
  A goblin (D:1)
  A frilled lizard (D:1)
  A kobold (D:1)
8 creatures vanquished.

Notes
Turn   | Place    | Note
-------+----------+-------------------------------------------
     0 | D:1      | Pin the Hill Orc Monk began the quest for the Orb.
     0 | D:1      | Reached XP level 1. HP: 19/19 MP: 1/1
   201 | D:1      | Reached skill level 1 in Armour
   371 | D:1      | Reached XP level 2. HP: 19/26 MP: 2/2
   622 | D:1      | HP: 1/26 [poisoned by a kobold]
   623 | D:1      | Succumbed to a kobold's poison

Illustrated notes

Levels and vault maps discovered:
D:1:      dpeg_arrival_pits, layout_loops_ring

Skill      XL: |  1  2 |
---------------+-------+-----
Armour         | 1 2 |  2.0
Fighting       | |  3.6
Axes           | |  4.0
Dodging        | |  2.4
Stealth        | |  1.5

Action                   || total
-------------------------++-------
Melee: Hand axe          ||    24
 Stab: Sleeping          ||     2
Armor: Robe              ||     1
Dodge: Dodged            ||    20

Table legend: (Time is in decaauts)
 A = Elapsed time spent in this place.
 B = Non-inter-level travel time spent in this place.
 C = Inter-level travel time spent in this place.
 D = Time resting spent in this place.
 E = Time spent auto-exploring this place.
 F = Levels seen in this place.
 G = Mean time per level.
                   A        B        C        D        E       F      G
               +--------+--------+--------+--------+--------+-----+--------+
         Total |    625 |    625 |      0 |      0 |    560 |   1 |  625.0 |
       Dungeon |    625 |    625 |      0 |      0 |    560 |   1 |  625.0 |
               +--------+--------+--------+--------+--------+-----+--------+

Top non-repeatable levels by time:
     D:1: 625 daAuts
